 Dungeon Crawl Stone Soup version 0.28-a0-1415-g7c84da036a (webtiles) character file.

Game seed: 13518656899729058914

174 dracfodder the Conjurer (level 5, -3/36 HPs)
             Began as a Human Conjurer on Jan 7, 2022.
             Slain by an orc warrior (21 damage)
             ... on level 4 of the Dungeon.
             The game lasted 00:19:05 (4150 turns).

dracfodder the Conjurer (Human Conjurer)            Turns: 4150, Time: 00:19:05

Health: -3/36      AC:  8    Str:  8    XL:     5   Next: 84%
Magic:  0/10       EV: 27    Int: 26    God:
Gold:   61         SH:  0    Dex: 11    Spells: 5/11 levels left

rFire   + . .      SeeInvis +   a - +3 short sword (protect)
rCold   . . .      Faith    .   (no shield)
rNeg    . . .      Spirit   .   c - +0 robe
rPois   .          Reflect  .   v - +2 helmet
rElec   .          Harm     .   (no cloak)
rCorr   .          Rampage  .   f - +2 pair of gloves
Will    .....                   (no boots)
Stlth   ++........              q - amulet of the acrobat
HPRegen 0.12/turn               s - ring of see invisible
MPRegen 0.12/turn               m - +6 ring of intelligence

@: acrobatic
A: fire resistance 1, screaming 1
a: no special abilities


You were on level 4 of the Dungeon.
You visited 1 branch of the dungeon, and saw 4 of its levels.

You collected 97 gold pieces.
You spent 36 gold pieces at shops.

Inventory:

Hand Weapons
 a - a +3 short sword of protection (weapon)
 o - a +0 spear
Missiles
 d - 199 stones
 g - 2 silver javelins
 i - 29 arrows
 p - 20 poisoned darts
Armour
 c - a +0 robe (worn)
 f - a +2 pair of gloves (worn)
 v - a +2 helmet (worn)
Jewellery
 h - a +6 ring of dexterity
 m - a +6 ring of intelligence (right hand)
 q - an amulet of the acrobat (around neck)
 s - a ring of see invisible (left hand)
Scrolls
 e - a scroll of noise {unknown}
 k - a scroll of magic mapping
 l - 2 scrolls of identify
Potions
 j - a potion of flight {unknown}
 n - 2 potions of heal wounds
 r - a potion of lignification {unknown}
 u - a potion of ambrosia {unknown}


   Skills:
 + Level 0.3 Fighting
 + Level 0.4 Short Blades
 + Level 2.2 Dodging
 + Level 2.1 Stealth
 * Level 3.5 Spellcasting
 + Level 5.4 Conjurations


You had 5 spell levels left.
You knew the following spells:

 Your Spells              Type           Power      Damage    Failure   Level
a - Magic Dart            Conj           100%       1d8       1%          1
b - Searing Ray           Conj           64%        2d6       1%          2
c - Dazzling Flash        Conj/Hex       36%        N/A       9%          3

Your spell library contained the following spells:

 Spells                   Type           Power      Damage    Failure   Level
 Animate Skeleton         Necr           8%         N/A       9%          1
 Pain                     Necr           16%        1d4       9%          1
 Vampiric Draining        Necr           4%         2d6       26%         3
 Fulminant Prism          Conj/Hex       9%         3d7       28%         4
 Iskenderun's Mystic Bla  Conj/Tloc      18%        2d6       28%         4


Dungeon Overview and Level Annotations

Branches:
Dungeon (4/15)
 Temple: D:4-7

Altars:
Zin

Shops:
D:3 [!


Innate Abilities, Weirdness & Mutations

Your flesh is heat resistant. (rF+)
You occasionally shout uncontrollably at your foes.


Message History

The puff of flame hits you but does no damage.
The searing ray misses the orc wizard.
The searing ray hits the orc warrior but does no damage.
The orc warrior is lightly wounded.
The orc wizard points at you and mumbles some strange words.
The magic dart hits you.
The searing ray hits the orc wizard.
The orc wizard is severely wounded.
The searing ray hits the orc warrior!
The orc warrior is moderately wounded.
The searing ray misses the orc warrior.
The searing ray hits the orc wizard.
The orc wizard is almost dead.
The searing ray hits the orc.
The orc is almost dead.
You finish channelling your searing ray.
Casting: Searing Ray (safe; 1% risk of failure)
Confirm with . or Enter, or press ? or * to list all spells.
Aiming: Searing Ray (safe; 1% risk of failure)
Press: ? - help, Shift-Dir - straight line, f/p - orc wizard
Aim: an orc wizard, wielding a +0 dagger and wearing a +0 robe (almost dead, slightly transparent, 76% to hit)
The searing ray hits the orc warrior but does no damage.
The orc warrior is moderately wounded.
The searing ray hits the orc wizard!
You kill the orc wizard!
The searing ray hits the orc!
You kill the orc! (Press . to maintain the ray.)
The orc warrior hits you from afar with a +0 glaive!
The searing ray hits the orc warrior.
The orc warrior is heavily wounded.
The searing ray misses the orc.
The orc warrior completely misses you.
The searing ray hits the orc warrior.
The orc warrior is severely wounded.
The searing ray hits the orc.
The orc is heavily wounded.
The orc warrior completely misses you.
Without enough magic to sustain it, your searing ray dissipates.
The orc warrior hits you from afar with a +0 glaive!!
Ouch! That really hurt!
You die...

##########
...)oo.@.#
########.#
#.# #.#
#.# #.#
#.# #.#
#.#


You could see an orc warrior and an orc.

Vanquished Creatures
  An orc priest (D:2)
  An orc wizard (D:4)
  Robin (D:2)
  3 adders
  A worm (D:2)
  2 dart slugs (D:2)
  5 orcs
  4 bats
  3 endoplasms
  2 giant cockroaches (D:3)
  15 goblins
  4 hobgoblins
  3 jackals (D:2)
  4 kobolds (D:1)
  6 quokkas
  6 ball pythons
  2 frilled lizards
  2 rats (D:2)
65 creatures vanquished.

Notes
Turn   | Place    | Note
-------+----------+-------------------------------------------
     0 | D:1      | dracfodder the Human Conjurer began the quest for the Orb.
     0 | D:1      | Reached XP level 1. HP: 13/13 MP: 3/3
   328 | D:1      | Reached XP level 2. HP: 19/19 MP: 0/5
   805 | D:1      | Learned a level 2 spell: Searing Ray
  1416 | D:2      | Reached XP level 3. HP: 24/24 MP: 2/6
  1826 | D:2      | Found a faded altar of an unknown god.
  1903 | D:2      | Reached XP level 4. HP: 30/30 MP: 2/7
  2053 | D:2      | Found a glowing silver altar of Zin.
  2106 | D:2      | Noticed Robin
  2147 | D:2      | Killed Robin
  2148 | D:2      | Reached skill level 5 in Conjurations
  2357 | D:2      | Learned a level 3 spell: Dazzling Flash
  2646 | D:2      | Reached XP level 5. HP: 34/35 MP: 3/9
  2859 | D:3      | Learned a level 3 spell: Dazzling Flash
  2862 | D:3      | Gained mutation: Your flesh is heat resistant. (rF+)
                  | [potion of mutation]
  2862 | D:3      | Gained mutation: You occasionally shout uncontrollably at
                  | your foes. [potion of mutation]
  2867 | D:3      | Found Bawisoim's Distillery.
  2876 | D:3      | Bought a potion of curing for 36 gold pieces
  4003 | D:3      | Found Olusma's Antique Armour Shop.
  4137 | D:4      | Noticed an orc warrior
  4150 | D:4      | Slain by an orc warrior

Illustrated notes

Levels and vault maps discovered:
D:1:      elethiomel_arrival_infinity_welcomes_careful_drivers, layout_basic,
          minmay_distorted
D:2:      layout_basic, basic_altar, shapermc_ecumenical_altar_acropolis,
          uniq_robin
D:3:      layout_loops_corners, serial_shops, nicolae_shop_behind_doors, shop,
          kennysheep_decorative_pillar
D:4:      layout_basic, chequers_serial_rivers_room_a,
          minmay_hollow_rounded_squares

Skill      XL: |  1  2  3  4 |
---------------+-------------+-----
Conjurations   | 5 |  5.4
Spellcasting   | 3 |  3.5
Fighting       | |  0.3
Short Blades   | |  0.4
Dodging        | |  2.2
Stealth        | |  2.1

Action                   |  1- 3 |  4- 6 || total
-------------------------+-------+-------++-------
Melee: Dagger            |     8 |    38 ||    46
       Punch             |     1 |       ||     1
 Cast: Magic Dart        |    43 |    19 ||    62
       Searing Ray       |     6 |    19 ||    25
  Use: Scroll            |       |    12 ||    12
       Potion            |       |     2 ||     2
Armor: Robe              |     2 |    14 ||    16
Dodge: Dodged            |     7 |    22 ||    29

Table legend: (Time is in decaauts)
 A = Elapsed time spent in this place.
 B = Non-inter-level travel time spent in this place.
 C = Inter-level travel time spent in this place.
 D = Time resting spent in this place.
 E = Time spent auto-exploring this place.
 F = Levels seen in this place.
 G = Mean time per level.
                   A        B        C        D        E       F      G
               +--------+--------+--------+--------+--------+-----+--------+
         Total |   4155 |   4084 |     71 |   1449 |   2102 |   4 | 1038.8 |
       Dungeon |   4155 |   4084 |     71 |   1449 |   2102 |   4 | 1038.8 |
               +--------+--------+--------+--------+--------+-----+--------+

Top non-repeatable levels by time:
     D:2: 1472 daAuts
     D:3: 1352 daAuts
     D:1: 1302 daAuts
     D:4: 27 daAuts
